AoeStats
← 我是你爸爸啊

Arena

511463574Analyzed
1v1 RM · 12d ago on Oct 5, 2026· 42m 19s· 2 players
Game mode
Random Map
Map size
Tiny (2 player)
Population
200
Speed
Normal
Resources
Standard
Victory
Conquest
Starting age
Dark Age
Ending age
Imperial Age
RankedLock teamsTeams togetherTeam positionsShared explorationLock speedFull tech treeHidden civsTurbo modeCheats
Victory
Defeat
🇨🇳 Mongols · China
1047
+14
vs
🇨🇱 Japanese · Chile
1000
-43
Charqui123
12:21 Feudal Age
16:25 Castle Age
14:48 Double-Bit Axe
19:37 Forging
20:58 Wheelbarrow
20:17 Elite Skirmisher
21:56 Gold Mining
23:27 Hand Cart
23:31 Horse Collar
26:12 Iron Casting
26:55 Fletching
27:45 Scale Mail Armor
29:11 Bow Saw
30:09 Chain Mail Armor
35:24 Imperial Age
34:54 Bodkin Arrow
35:48 Gold Shaft Mining
35:58 Elite Samurai
37:47 Kataparuto
我是你爸爸啊
10:07 Feudal Age
15:05 Castle Age
13:27 Double-Bit Axe
16:16 Loom
17:11 Bow Saw
18:18 Horse Collar
20:40 Heavy Plow
22:18 Wheelbarrow
24:23 Stone Mining
24:44 Gold Mining
25:32 Hand Cart
30:28 Imperial Age
28:43 Gold Shaft Mining
29:04 Ballistics
28:39 Murder Holes
29:47 Stone Shaft Mining
30:35 Thumb Ring
30:23 Fletching
30:33 Padded Archer Armor
30:45 Elite Steppe Lancer
31:26 Husbandry
31:36 Bloodlines
31:48 Forging
31:50 Town Watch
32:16 Scale Barding Armor
32:08 Bodkin Arrow
33:00 Conscription
33:43 Iron Casting
33:28 Chain Barding Armor
33:23 Bloodlines
33:34 Bracer
34:48 Chemistry
34:30 Parthian Tactics
34:23 Leather Archer Armor
35:25 Blast Furnace
34:42 Nomads
35:03 Drill
35:22 Hoardings
34:43 Light Cavalry
35:29 Elite Mangudai
36:22 Town Patrol
36:38 Elite Skirmisher
36:48 Hussar
37:20 Capped Ram
40:49 Onager
40:52 Siege Ram
Connection lost

Rejoining the realm…

Still unreachable

The connection could not be restored.

Session expired

The server has moved on; the page needs a fresh start.